 Dungeon Crawl Stone Soup version 0.24.0-2-g5b39cebb1c (webtiles) character file.

Game seed: 6115485240664730888, levelgen mode: deterministic

60746 L3W1S007 the Peltast (level 14, -6/135 HPs)
             Began as a Minotaur Fighter on Oct 31, 2019.
             Was the Champion of Okawaru.
             Mangled by an orc warrior
             ... wielding a +0 halberd
              (31 damage)
             ... on level 2 of the Orcish Mines.
             The game lasted 01:16:41 (20346 turns).

L3W1S007 the Peltast (Minotaur Fighter)            Turns: 20346, Time: 01:16:41

Health: -6/135     AC: 22    Str: 29    XL:     14   Next: 58%
Magic:  16/16      EV: 14    Int:  5    God:    Okawaru [******]
Gold:   1769       SH: 27    Dex: 12    Spells: 13/13 levels left

rFire    . . .     SeeInvis +   a - +7 falchion "Loijisuha" {slice, rElec rC+}
rCold    + + +     Gourm    .   U - +6 large shield of a Gauntlet {rC+ Str+5 Stlth-}
rNeg     . . .     Faith    .   m - +2 scale mail {MR+}
rPois    .         Spirit   .   K - +2 hat {SInv}
rElec    +         Reflect  .   s - +2 cloak
rCorr    .         Harm     .   O - +1 pair of gloves
MR       +++..                  i - +2 pair of boots
Stlth    ..........             (no amulet)
HPRegen  0.32/turn              Q - ring of protection from magic
MPRegen  0.15/turn              u - ring of protection from cold

@: no status effects
A: retaliatory headbutt, horns 2
a: Heroism, Finesse, Renounce Religion


You were on level 2 of the Orcish Mines.
You worshipped Okawaru.
Okawaru was exalted by your worship.
You were full.

You visited 4 branches of the dungeon, and saw 20 of its levels.
You also visited: Volcano.

You collected 1769 gold pieces.

Inventory:

Hand Weapons
 a - the +7 falchion "Loijisuha" (weapon) {slice, rElec rC+}
   (You took it off an orc on level 4 of the Dungeon)

   It inflicts extra damage upon your enemies.
   It protects you from cold.
   It insulates you from electricity.
 b - a +2 falchion of flaming
 F - a +0 demon whip of venom
 R - a +2 demon trident of venom
Missiles
 p - 14 javelins
 C - 22 boomerangs (quivered)
 D - a throwing net
 S - 2 silver javelins
Armour
 i - a +2 pair of boots (worn)
 m - a +2 scale mail of magic resistance (worn)
 s - a +2 cloak (worn)
 B - a +1 plate armour of fire resistance
 K - a +2 hat of see invisible (worn)
 O - a +1 pair of gloves (worn)
 U - the +6 large shield of a Gauntlet (worn) {rC+ Str+5 Stlth-}
   (Okawaru gifted it to you on level 9 of the Dungeon)

   It affects your strength (+5).
   It protects you from cold.
   It makes you less stealthy.
Jewellery
 u - a ring of protection from cold (right hand)
 L - an uncursed ring of fire
 Q - a ring of protection from magic (left hand)
Wands
 z - a wand of acid (6)
 G - a wand of flame (68)
 H - a wand of paralysis (13)
 J - a wand of enslavement (12)
 T - a wand of disintegration (34)
Scrolls
 c - a scroll of fear {unknown}
 h - 7 scrolls of remove curse
 k - a scroll of acquirement {unknown}
 l - 3 scrolls of fog
 o - 6 scrolls of teleportation
 q - 3 scrolls of magic mapping
 v - 6 scrolls of enchant weapon
 w - 4 scrolls of blinking
 y - a scroll of amnesia {unknown}
 M - 4 scrolls of immolation
 P - a scroll of enchant armour
 X - 2 scrolls of summoning
 Y - a scroll of vulnerability {unknown}
Potions
 d - 4 potions of might
 e - 5 potions of lignification
 g - 4 potions of haste
 j - 2 potions of cancellation
 n - 4 potions of brilliance
 r - 4 potions of mutation
 t - 9 potions of curing
 x - 6 potions of agility
 A - a potion of ambrosia
 E - 2 potions of flight
 N - a potion of resistance
 V - a potion of invisibility
 W - 2 potions of berserk rage
Miscellaneous
 Z - a lamp of fire (inert)
Comestibles
 f - 45 rations


   Skills:
 + Level 15.0 Fighting
 - Level 14.0 Long Blades
 - Level 5.4 Polearms
 - Level 10.0 Armour
 + Level 11.4 Dodging
 + Level 15.0 Shields
 + Level 4.9 Invocations


You had 13 spell levels left.
You didn't know any spells.
Your spell library contained the following spells:

 Spells                   Type           Power        Failure   Level  Hunger
 Animate Skeleton         Necr           N/A          98%         1    ##.....
 Apportation              Tloc           #.....       98%         1    ##.....
 Confusing Touch          Hex            #.....       98%         1    ##.....
 Corona                   Hex            #......      98%         1    ##.....
 Sting                    Conj/Pois      #...         98%         1    ##.....
 Summon Small Mammal      Summ           #...         98%         1    ##.....
 Poisonous Vapours        Pois/Air       #.....       99%         2    ###....
 Slow                     Hex            #.......     99%         2    ###....
 Gell's Gravitas          Tloc           #.........   100%        3    ####...
 Inner Flame              Hex/Fire       #.......     100%        3    ####...
 Mephitic Cloud           Conj/Pois/Air  #.......     100%        3    ####...
 Portal Projectile        Hex/Tloc       #.....       100%        3    ####...
 Cause Fear               Hex            #.........   100%        4    #####..
 Force Lance              Conj/Tloc      #.......     100%        4    #####..
 Leda's Liquefaction      Hex/Erth       #.........   100%        4    #####..
 Olgreb's Toxic Radiance  Pois           #.......     100%        4    #####..
 Venom Bolt               Conj/Pois      #.........   100%        5    ######.
 Dispersal                Tloc           #.........   100%        6    #######
 Controlled Blink         Tloc           N/A          100%        8    #######
 Disjunction              Tloc           #.........   100%        8    #######


Dungeon Overview and Level Annotations

Branches:
Dungeon (11/15)            Temple (0/1) D:5            Lair (6/6) D:9
  Swamp (1/4) Lair:3        Snake (0/4) Lair:3        Slime (0/5) Lair:6
    Orc (2/2) D:9             Elf (0/3) Orc:2       Volcano (visited)

Altars:
Cheibriados
Dithmenos
Elyvilon
Makhleb
Okawaru
Sif Muna
Uskayaw
Jiyva

Shops:
D:6 *   D:7 :   Orc:2 [

Annotations:
Lair:1 exclusion: 2 oklob plants
Lair:6 Urug
Swamp:1 Roxanne


Innate Abilities, Weirdness & Mutations

You reflexively headbutt those who attack you in melee.
You have a pair of horns on your head.


Message History

The orc warrior is almost dead.
You block the orc warrior's attack.
You barely miss the orc warrior.
The orc warrior is almost dead.
You block the orc warrior's attack.
The orc warrior hits you from afar with a +0 halberd!!
* * * LOW HITPOINT WARNING * * *
You block the orc warrior's attack.
You slash the orc warrior!
You kill the orc warrior!
Okawaru accepts your kill. You block the orc warrior's attack.
You block the orc warrior's attack. x2
An orc knight comes into view. It is wielding a +0 battleaxe.
The orc knight hits you but does no damage.
Items here: )))) [[[[ ††††† You hit the orc knight but do no damage.
Your headbutt misses the orc knight. You block the orc warrior's attack. x2
The orc warrior hits you with a +0 halberd!!
You die...

*,,,*****#...................#...
..,,,,,,,..................,,,,,,
..,,,,,,,..................,,,,,,
##*,***,*##..######........,,,,,,
*,* *,* #..#...∩#........,,,,,,
***,***.###.,#....#........,,,,,,
,,,,,,,.....,#.o.o#........,,,,,,
***,,,,....oo##o###........,,,,,,
* *,,⌠,..⌠.oohoo@..........,,,,,,
* *,,,,..o.oo##o###........,,,,,,
***,***'###.,#oo,,#....^...,,,,,,
,,,,*,,,,,#,,#ooo,#........,,,,,,
***,*,,,,,*,,#..,,#........,,,,,,
* *,*,,_,,*,,#..,∩#........,,,,,,
***,*******,,###**#........,,,,,,
,,,,,,,,,,,,,,,,,,,.......,,,,,,,
,,,,,,,,,,,,,,,,,,,,,,,,,,,,,,,,,


You could see 2 orc knights, a warg, 7 orc warriors and 7 orcs.

Vanquished Creatures
  Rupert (Lair:6)
  Gastronok (Lair:1)
  A stone giant (Volcano)
  The ghost of runemage the Blocker, a journeyman GnFi of Ashenzari (Lair:4)
  A minotaur (Lair:4)
  4 hydras
  A catoblepas (Lair:2)
  A two-headed ogre (D:6)
  9 death yaks
  A fire crab (Lair:4)
  A swamp dragon (Lair:3)
  An ugly thing (D:11)
  2 orc knights (Orc:2)
  An orc sorcerer (Orc:2)
  A cyclops (D:11)
  2 black mambas
  2 elephants (Lair:5)
  11 spiny frogs
  2 centaur skeletons (D:11)
  A kobold demonologist (D:11)
  An efreet (Volcano)
  5 komodo dragons
  A rime drake (Lair:1)
  A queen bee (Lair:5)
  2 trolls
  3 meliai (Lair:5)
  8 polar bears
  5 hornets
  2 hippogriffs
  14 blink frogs
  Prince Ribbit (D:5)
  A bog body (Swamp:1)
  10 dream sheep
  Sigmund (D:3)
  4 wyverns
  2 fire elementals (Volcano)
  46 yaks
  A vampire (D:10)
  13 spriggans
  3 fire bats (Orc:2)
  7 vampire mosquitoes
  5 basilisks
  3 hungry ghosts
  2 wargs (Orc:2)
  9 porcupines
  18 water moccasins
  6 black bears
  9 orc warriors
  An ice beast (D:6)
  A phantom (D:7)
  23 wolves
  4 sky beasts
  7 centaurs
  5 boggarts (Lair:6)
  11 ogres
  6 crocodiles
  8 big kobolds
  17 bullfrogs
  2 earth elementals (Volcano)
  A gnoll sergeant (D:11)
  2 scorpions
  21 killer bees
  2 howler monkeys (D:7)
  3 wights (D:9)
  An electric eel (Lair:4)
  3 crimson imps
  A centaur zombie (D:10)
  A quasit (D:7)
  4 hounds
  A jelly (D:8)
  Crazy Yiuf (D:3)
  4 bullfrog skeletons
  8 orc priests
  A gnoll shaman (D:8)
  3 iguanas
  Terence (D:2)
  12 orc wizards
  8 worker ants
  A hound zombie (D:8)
  2 howler monkey zombies
  11 adders
  13 gnolls
  6 shadow imps
  An ooze (D:7)
  An adder zombie (D:6)
  2 adder skeletons (D:4)
  4 worms
  4 leopard geckos
  48 orcs
  4 ball pythons
  6 giant cockroaches
  6 hobgoblins
  8 jackals
  28 kobolds
  9 quokkas
  A ball python skeleton (D:4)
  6 bats
  5 frilled lizards
  A giant cockroach zombie (D:5)
  11 goblins
  A leopard gecko skeleton (D:4)
  A quokka zombie (D:6)
  8 rats
579 creatures vanquished.

Vanquished Creatures (others)
  18 fungi
  6 plants
24 creatures vanquished.

Grand Total: 603 creatures vanquished

Notes
Turn   | Place    | Note
-------+----------+-------------------------------------------
     0 | D:1      | L3W1S007 the Minotaur Fighter began the quest for the Orb.
     0 | D:1      | Reached XP level 1. HP: 19/19 MP: 0/0
   362 | D:1      | Reached XP level 2. HP: 27/27 MP: 1/1
   936 | D:2      | Reached XP level 3. HP: 31/33 MP: 2/2
  1160 | D:2      | Noticed Terence
  1166 | D:2      | Killed Terence
  1166 | D:2      | Reached XP level 4. HP: 40/40 MP: 3/3
  1788 | D:3      | Noticed Sigmund
  1807 | D:3      | Killed Sigmund
  1807 | D:3      | Reached skill level 5 in Armour
  1807 | D:3      | Reached skill level 5 in Shields
  1807 | D:3      | Reached XP level 5. HP: 10/47 MP: 4/4
  1807 | D:3      | Reached XP level 6. HP: 12/55 MP: 5/5
  2132 | D:3      | Reached skill level 5 in Fighting
  2614 | D:3      | Found a runed translucent door.
  2615 | D:3      | Noticed Crazy Yiuf
  3088 | D:3      | Killed Crazy Yiuf
  3188 | D:4      | Reached skill level 5 in Polearms
  3188 | D:4      | Reached XP level 7. HP: 61/61 MP: 6/6
  3472 | D:4      | Identified the +7 falchion "Loijisuha" {slice, rElec rC+}
  3552 | D:4      | Reached skill level 1 in Long Blades
  4083 | D:5      | Entered Level 5 of the Dungeon
  4139 | D:5      | Found an iron altar of Okawaru.
  4142 | D:5      | Noticed Prince Ribbit
  4143 | D:5      | Reached XP level 8. HP: 65/71 MP: 7/7
  4180 | D:5      | Killed Prince Ribbit
  4182 | D:5      | Became a worshipper of Warmaster Okawaru
  4485 | D:5      | Found a staircase to the Ecumenical Temple.
  4486 | D:5      | You fall into a shaft and drop 1 floor!
  4559 | D:6      | Found a shadowy altar of Dithmenos.
  4559 | D:6      | Found a shimmering blue altar of Sif Muna.
  4670 | D:6      | Noticed a two-headed ogre
  4679 | D:6      | Killed a two-headed ogre
  4679 | D:6      | Reached * piety under Okawaru
  4679 | D:6      | Reached skill level 5 in Long Blades
  4679 | D:6      | Reached XP level 9. HP: 44/80 MP: 8/8
  4736 | D:6      | Found Ysockump's General Store.
  4845 | D:6      | Reached ** piety under Okawaru
  5267 | D:5      | Found a hide-covered altar of Uskayaw.
  5270 | D:5      | Noticed a +0 dagger
  5270 | D:5      | Noticed a +0 hand axe
  5434 | D:7      | Found Jiunor's Book Boutique.
  5847 | D:7      | Found the +6 Majin-Bo {vamp, Archmagi MP+6 Int+6}
  6199 | D:8      | Reached *** piety under Okawaru
  6256 | D:8      | Reached XP level 10. HP: 90/90 MP: 9/9
  6560 | D:8      | Noticed a three-headed hydra
  6570 | D:8      | Killed a one-headed hydra
  6570 | D:8      | Reached **** piety under Okawaru
  6673 | D:8      | Found a burning altar of Makhleb.
  6934 | D:8      | Found a white marble altar of Elyvilon.
  7618 | D:8      | Reached skill level 10 in Long Blades
  7622 | D:8      | Received a gift from Okawaru
  7930 | D:9      | Reached skill level 10 in Armour
  7944 | D:9      | Reached skill level 10 in Shields
  7962 | D:9      | Reached skill level 10 in Fighting
  7992 | D:9      | Found a staircase to the Lair.
  8037 | D:9      | Reached ***** piety under Okawaru
  8046 | D:9      | Reached XP level 11. HP: 64/99 MP: 10/10
  8293 | D:9      | Found a snail-covered altar of Cheibriados.
  8485 | D:9      | Found a staircase to the Orcish Mines.
  8657 | D:9      | Received a gift from Okawaru
  8658 | D:9      | Got a spiked large shield {god gift}
  8670 | D:9      | Identified the +6 large shield of a Gauntlet {rC+ Str+5
                  | Stlth-} (Okawaru gifted it to you on level 9 of the
                  | Dungeon)
  8768 | D:9      | Got a shimmering mace
  8776 | D:9      | Identified the +6 mace "Jellyslayer" {flame, Int+4 SInv}
                  | (You found it on level 9 of the Dungeon)
  8971 | D:10     | Entered Level 10 of the Dungeon
 10097 | D:11     | Reached skill level 1 in Dodging
 10183 | D:11     | Noticed a brown ugly thing
 10196 | D:11     | Killed a brown ugly thing
 10578 | Lair:1   | Entered Level 1 of the Lair of Beasts
 10611 | Lair:1   | Noticed Gastronok
 10670 | Lair:1   | Killed Gastronok
 10678 | Lair:1   | Received a gift from Okawaru
 10747 | Lair:1   | Reached XP level 12. HP: 78/110 MP: 11/11
 12075 | Lair:2   | Noticed a catoblepas
 12097 | Lair:2   | HP: 5/112 [catoblepas (10)]
 12104 | Lair:2   | Killed a catoblepas
 12696 | Lair:3   | Reached skill level 5 in Dodging
 12723 | Lair:3   | Found a staircase to the Swamp.
 13107 | Lair:3   | Found a staircase to the Snake Pit.
 13571 | Lair:4   | Found a runed translucent gate.
 13571 | Lair:4   | Found a runed translucent gate.
 13572 | Lair:4   | Noticed a four-headed hydra
 13574 | Lair:4   | Found a runed translucent gate.
 13592 | Lair:4   | Noticed a minotaur
 13592 | Lair:4   | Noticed a six-headed hydra
 13592 | Lair:4   | Noticed runemage's ghost (journeyman GnFi)
 13737 | Lair:4   | Received a gift from Okawaru
 14656 | Lair:5   | Noticed a death yak
 14657 | Lair:5   | Noticed a death yak
 14660 | Lair:5   | Noticed a death yak
 14661 | Lair:5   | Noticed a death yak
 14661 | Lair:5   | Noticed a death yak
 14683 | Lair:4   | Reached ****** piety under Okawaru
 14683 | Lair:4   | Reached XP level 13. HP: 104/119 MP: 12/12
 14771 | Lair:4   | Received a gift from Okawaru
 15531 | Lair:5   | Received a gift from Okawaru
 15847 | Lair:6   | Entered Level 6 of the Lair of Beasts
 15937 | Lair:6   | Found a viscous altar of Jiyva.
 15937 | Lair:6   | Found a staircase to the Slime Pits.
 16416 | Lair:6   | Noticed Rupert
 16440 | Lair:6   | Killed Rupert
 16440 | Lair:6   | Reached skill level 10 in Dodging
 16505 | Lair:6   | Received a gift from Okawaru
 16539 | Lair:6   | Reached skill level 1 in Invocations
 16686 | Lair:6   | Noticed Urug
 17102 | Lair:6   | Reached XP level 14. HP: 112/132 MP: 14/14
 18328 | Lair:4   | Killed runemage's ghost
 18574 | Swamp:1  | Entered Level 1 of the Swamp
 18574 | Swamp:1  | Identified Roxanne's Tome of Transmutation
 18574 | Swamp:1  | Noticed Roxanne
 18983 | Swamp:1  | Received a gift from Okawaru
 19605 | Orc:1    | Entered Level 1 of the Orcish Mines
 19889 | Orc:2    | Entered Level 2 of the Orcish Mines
 19988 | Orc:2    | Found a dark tunnel.
 20026 | Volcano  | Entered a volcano
 20172 | Volcano  | Noticed a stone giant
 20196 | Volcano  | Killed a stone giant
 20258 | Orc:2    | Found a staircase to the Elven Halls.
 20290 | Orc:2    | Found Jodiqiatad's Antique Armour Shop.
 20321 | Orc:2    | Reached skill level 15 in Shields
 20331 | Orc:2    | Reached skill level 15 in Fighting
 20346 | Orc:2    | Mangled by an orc warrior

Levels and vault maps discovered:
D:1:      dpeg_arrival_chambers_temple_mockup, layout_loops_corners
D:2:      layout_basic, uniq_terence
D:3:      layout_basic, serial_glass, glass_columns_a, glass_columns_c,
          glass_columns_b, glass_columns_a, hex_tiny, minmay_misc_feat_rugged,
          minmay_quantized, uniq_crazy_yiuf_cottage, uniq_sigmund
D:4:      minmay_evil_eye, layout_loops_ring, grunt_decor_fettered
D:5:      layout_loops_cross, dancing_weapons_uskayaw, old_standard_altar,
          minmay_temple_entry_mist, first_ration, uniq_prince_ribbit1
D:6:      layout_loops_cross, gammafunk_temple_overflow_statue, serial_shops,
          shop_fountains
D:7:      layout_layer_cave, serial_shops, kennysheep_mini_moat
D:8:      layout_layer_cave, lemuel_crystal_altar, hangedman_ranch
          [blue_anna_fruit_fields], bloody_makhleb
D:9:      layout_irregular_city, cheibriados_altar_1,
          due_lair_maze_entry_diamond
D:10:     layout_basic
D:11:     layout_basic
Lair:1:   minmay_lair_oklob_tunnel, layout_chaotic_city, uniq_gastronok
Lair:2:   layout_cave_pods
Lair:3:   layout_gridlike, swamp_mist_pool, minmay_snake_entry_six_corridors,
          serial_bayou_shore_b, serial_bayou_shore_b
Lair:4:   layout_gridlike, maelrawn_ghost_gauntlet_escape,
          gammafunk_lair_bear_cave
Lair:5:   layout_gridlike, special_room [special_room_bee],
          beast_lair_carwin_11, grunt_megastairs_2
Lair:6:   minmay_lair_end_enchanted_forest, layout_cave_pods,
          dpeg_slime_entry_enclosed_altar, uniq_rupert, uniq_urug
Swamp:1:  layout_falls_marsh, nicolae_swamp_godswood, infiniplex_staircase_pool,
          uniq_roxanne, uniq_aizul, uniq_louise
Orc:1:    layout_caves
Orc:2:    st_orc_town, layout_caves, serial_shops, nicolae_shop_behind_doors,
          nicolae_volcano_entry_batcave

Skill      XL: |  1  2  3  4  5  6  7  8  9 10 11 12 13 14 |
---------------+-------------------------------------------+-----
Armour         | 4 5 6 7 9 10 | 10.0
Fighting       | 4 5 6 7 8 10 11 12 14 15 | 15.0
Shields        | 4 5 6 7 9 10 11 13 14 15 | 15.0
Polearms       | 3 4 5 |  5.4
Long Blades    | 2 5 8 10 13 14 | 14.0
Dodging        | 2 6 10 11 | 11.4
Invocations    | 2 4 |  4.9

Action                   |  1- 3 |  4- 6 |  7- 9 | 10-12 | 13-15 || total
-------------------------+-------+-------+-------+-------+-------++-------
Melee: Trident           |    89 |   121 |    51 |       |       ||   261
       Headbutt          |    13 |    20 |    66 |   220 |   234 ||   553
       Falchion          |       |       |   253 |   853 |   852 ||  1958
       Staff             |       |       |       |     8 |       ||     8
Throw: Boomerang         |       |       |       |       |     5 ||     5
Evoke: Wand              |       |       |       |     2 |     1 ||     3
       Lamp of fire      |       |       |       |       |     1 ||     1
  Use: Scroll            |       |       |    11 |    13 |    13 ||    37
       Potion            |       |       |       |     1 |     5 ||     6
  Eat: Chunk             |     1 |     2 |     7 |     6 |     3 ||    19
       Ration            |       |     2 |     1 |     8 |     5 ||    16
Armor: Scale mail        |    24 |    30 |    14 |       |   100 ||   168
       Plate armour      |       |       |   174 |   212 |    37 ||   423
Dodge: Dodged            |    18 |    31 |    58 |    74 |   158 ||   339
Block: Shield            |    38 |    32 |   174 |   113 |       ||   357
       Large shield      |       |       |       |   555 |   899 ||  1454
       Rpst.: Falchion   |       |       |     9 |    19 |    30 ||    58
